 Dungeon Crawl Stone Soup version 0.23.2-40-g277498a001 (webtiles) character file.

Game seed: 3677831588795283719

2890 niceguy the Purveyor of Pain (level 9, 0/61 HPs)
             Began as a Demonspawn Necromancer on Oct 17, 2019.
             Was an Initiate of Kikubaaqudgha.
             Slain by a wight
             ... wielding a +2 morningstar
              (1 damage)
             ... on level 6 of the Dungeon.
             The game lasted 02:50:07 (10263 turns).

niceguy the Purveyor of Pain (DsNe)                Turns: 10263, Time: 02:50:12

Health: 0/61       AC:  6    Str: 10    XL:     9   Next: 48%
Magic:  14/19      EV: 18    Int: 19    God:    Kikubaaqudgha [......]
Gold:   108        SH:  0    Dex: 18    Spells: 10/22 levels left

rFire    . . .     SeeInvis +   h - +5 dire flail (freeze)
rCold    . . .     Gourm    .   (shield currently unavailable)
rNeg     + . .     Faith    .   y - +0 leather armour
rPois    .         Spirit   .   (helmet restricted)
rElec    .         Reflect  .   (no cloak)
rCorr    .         Harm     .   (no gloves)
MR       .....                  r - +1 pair of boots
Stlth    ++++......             (no amulet)
HPRegen  1.20/turn              l - ring of positive energy
MPRegen  0.16/turn              D - ring of see invisible

@: agile, regenerating, lightly drained
A: antennae 1, claws 1, hooves 2, mutation resistance 1, powered by pain 1,
shaggy fur 1, rot immunity
a: Renounce Religion


You were on level 6 of the Dungeon.
You worshipped Kikubaaqudgha.
Kikubaaqudgha was noncommittal.
You were not hungry.

You visited 2 branches of the dungeon, and saw 8 of its levels.

You collected 303 gold pieces.
You spent 195 gold pieces at shops.

Inventory:

Hand Weapons
 f - a +0 dagger
 g - a +0 dagger
 h - a +5 dire flail of freezing (weapon)
 k - a +4 dire flail
 n - a +2 whip of electrocution
 q - a +0 hunting sling
 s - a +0 whip
 v - a +2 dagger of distortion
 z - a +0 dagger
 A - a +1 whip of freezing
 C - a +0 shortbow
 I - the +6 mace "Buarchur" {holy, *Contam rF+ Dex+4, unknown}
   (You found it on level 6 of the Dungeon)

   It has been blessed by the Shining One to cause great damage to the undead
   and demons.
   It affects your dexterity (+4).
   It protects you from fire.
   It causes magical contamination when unequipped.
Missiles
 c - 97 arrows
 e - 333 stones (quivered)
 j - 19 poisoned needles
Armour
 a - a +1 robe
 i - a +0 animal skin
 r - a +1 pair of boots (worn)
 t - a +0 ring mail
 u - a +0 chain mail
 w - a +0 helmet
 y - a +0 leather armour (worn)
 E - a +1 robe of fire resistance
Jewellery
 l - a ring of positive energy (left claw)
 D - a ring of see invisible (right claw)
Wands
 F - a wand of random effects (23)
 G - a wand of iceblast (3)
Scrolls
 b - 3 scrolls of identify
 d - 7 scrolls of teleportation
 o - 2 scrolls of fear
 p - 3 scrolls of remove curse
 x - 2 scrolls of amnesia
 B - 2 scrolls of enchant weapon
Potions
 m - a potion of ambrosia


   Skills:
 + Level 2.2(1.9) Fighting
 + Level 3.4(3.1) Maces & Flails
 + Level 2.8(2.6) Armour
 + Level 2.9(2.6) Dodging
 + Level 4.2(3.9) Stealth
 + Level 0.3(0.0) Unarmed Combat
 + Level 7.0(6.7) Spellcasting
 + Level 0.2(0.0) Charms
 + Level 9.5(9.1) Necromancy
 + Level 0.4(0.1) Evocations


You had 10 spell levels left.
You knew the following spells:

 Your Spells              Type           Power        Failure   Level  Hunger
a - Pain                  Necr           ####         1%          1    None
b - Animate Dead          Necr           N/A          3%          4    ####...
c - Animate Skeleton      Necr           N/A          1%          1    None
d - Vampiric Draining     Necr           #####.....   1%          3    ##.....
e - Regeneration          Chrm/Necr      ###.......   6%          3    ##.....

Your spell library contained the following spells:

 Spells                   Type           Power        Failure   Level  Hunger


Dungeon Overview and Level Annotations

Branches:
Dungeon (7/15)             Temple (1/1) D:6

Altars:
Ashenzari
Cheibriados
Dithmenos
Elyvilon
Fedhas
Gozag
Hepliaklqana
Kikubaaqudgha
Makhleb
Okawaru
Sif Muna
Trog
Uskayaw
Vehumet
Wu Jian
Xom
Yredelemnul
Zin
The Shining One

Shops:
D:4 !   D:5 =


Innate Abilities, Weirdness & Mutations

You have a pair of small antennae on your head.
You have sharp fingernails.
You have hoof-like feet.
You sometimes gain a little power by taking damage.
You are immune to rotting.
You are somewhat resistant to further mutation.
You are covered in fur. (AC +1)


Message History

You sock the wight!
You destroy the wight!
Kikubaaqudgha accepts your kill.
The wight throws a stone.
The stone barely misses you.
Your skin stops crawling.
The wight hits you with a +2 morningstar.
* * * LOW HITPOINT WARNING * * *
You partially resist.
You feel drained.
There is an open door here.
Items here: )))) [[[[
Casting: Regeneration (safe; 6% risk of failure)
Confirm with . or Enter, or press ? or * to list all spells.
Your skin crawls.
The wight misses you.
You thump the wight!
The wight is severely damaged.
The wight hits you with a +2 morningstar!
* * * LOW HITPOINT WARNING * * *
You partially resist.
You feel drained.
You die...
Kikubaaqudgha rasps: "You have failed me!
Welcome... death!"

.z#.........#####
#.#
#.#.............#
#.#
#.#..z..........#
#.#
#....[.z.##.....#
#.#
[........##.....#
#.#
.........##.....#
#.#
##...<...##.....#
#.#
#...)...##.....###.#
#.......##..!.z@..(#
###'######.....#####
#.# ##+#### #.# #..
###


You could see a wight.

Vanquished Creatures
  A two-headed ogre (D:5)
  Pikel (D:6)
  A slave (D:6)
  A phantom (D:5)
  2 ogres (D:6)
  3 centaurs
  A wyvern skeleton (D:6)
  A water moccasin skeleton (D:4)
  2 scorpions
  9 wights (D:6)
  2 crimson imps
  A bullfrog zombie (D:5)
  4 orc wizards
  2 hounds (D:4)
  An orc priest (D:3)
  An iguana (D:4)
  Ijyb (D:3)
  4 worker ants
  A worker ant zombie (D:5)
  Robin (D:3)
  3 gnolls (D:2)
  9 adders
  An ooze (D:1)
  An adder skeleton (D:5)
  4 worms
  2 dart slugs
  10 leopard geckos
  18 orcs
  4 bats
  10 giant cockroaches
  20 goblins
  13 hobgoblins
  22 jackals
  2 quokkas
  3 ball pythons
  7 frilled lizards
  2 jackal skeletons (D:6)
  2 jackal zombies
  14 kobolds
  A leopard gecko skeleton (D:5)
  13 rats
201 creatures vanquished.

Vanquished Creatures (collateral kills)
  A bullfrog skeleton (D:4)
  An orc wizard (D:6)
  A worm (D:4)
  3 orcs
  A goblin (D:3)
  A ball python (D:5)
8 creatures vanquished.

Vanquished Creatures (others)
  2 slaves (D:6)
  An orc (D:6)
3 creatures vanquished.

Grand Total: 212 creatures vanquished

Notes
Turn   | Place    | Note
-------+----------+-------------------------------------------
     0 | D:1      | niceguy the Demonspawn Necromancer began the quest for the
                  | Orb.
     0 | D:1      | Reached XP level 1. HP: 13/13 MP: 3/3
   152 | D:1      | Gained mutation: You are immune to rotting. [demonic
                  | ancestry]
   152 | D:1      | Reached XP level 2. HP: 8/19 MP: 3/5
   827 | D:1      | Reached skill level 5 in Necromancy
  1273 | D:2      | Gained mutation: You have large cloven feet. [demonic
                  | ancestry]
  1273 | D:2      | Reached XP level 3. HP: 15/24 MP: 0/6
  1777 | D:2      | Gained mutation: You have sharp fingernails. [demonic
                  | ancestry]
  1777 | D:2      | Reached XP level 4. HP: 21/30 MP: 1/8
  2199 | D:2      | Found an iron altar of Okawaru.
  2200 | D:2      | Found a radiant altar of Vehumet.
  3100 | D:2      | Reached XP level 5. HP: 35/35 MP: 7/9
  3428 | D:3      | Reached skill level 6 in Necromancy
  3648 | D:3      | Gained mutation: You are somewhat resistant to further
                  | mutation. [potion of mutation]
  3648 | D:3      | Gained mutation: You are covered in fur. (AC +1) [potion of
                  | mutation]
  4451 | D:3      | Gained mutation: You have hoof-like feet. [demonic
                  | ancestry]
  4451 | D:3      | Reached XP level 6. HP: 25/41 MP: 2/12
  4937 | D:3      | Learned a level 4 spell: Animate Dead
  5158 | D:3      | Noticed Ijyb
  5246 | D:3      | Killed Ijyb
  5818 | D:3      | Noticed Robin
  5907 | D:3      | Killed Robin
  6090 | D:3      | Learned a level 1 spell: Animate Skeleton
  6286 | D:4      | Reached skill level 5 in Spellcasting
  6340 | D:5      | Entered Level 5 of the Dungeon
  6340 | D:5      | Found a glowing silver altar of Zin.
  6406 | D:4      | Found Uvubowoh's Distillery.
  6702 | D:4      | Gained mutation: You sometimes gain a little power by
                  | taking damage. [demonic ancestry]
  6702 | D:4      | Reached XP level 7. HP: 30/46 MP: 6/14
  6888 | D:4      | Reached skill level 7 in Necromancy
  6986 | D:4      | Found a burning altar of Makhleb.
  7082 | D:4      | Found an opulent altar of Gozag.
  7319 | D:5      | Reached skill level 1 in Maces & Flails
  7408 | D:5      | Found Qint's Jewellery Emporium.
  7480 | D:5      | Bought an uncursed ring of see invisible for 195 gold
                  | pieces
  7659 | D:5      | Reached skill level 1 in Armour
  8016 | D:5      | Noticed a two-headed ogre
  8243 | D:5      | Killed a two-headed ogre
  8243 | D:5      | Reached skill level 1 in Fighting
  8243 | D:5      | Reached skill level 8 in Necromancy
  8243 | D:5      | Reached XP level 8. HP: 54/54 MP: 15/17
  8248 | D:5      | Learned a level 3 spell: Vampiric Draining
  8620 | D:6      | HP: 2/54 [wight/+4 dire flail of freezing (5)]
  8629 | D:6      | HP: 4/81 [crimson imp (2)]
  8906 | D:6      | Gained mutation: You have a pair of small antennae on your
                  | head. [demonic ancestry]
  8906 | D:6      | Reached XP level 9. HP: 49/59 MP: 13/18
  9226 | D:6      | Reached skill level 9 in Necromancy
  9292 | D:6      | Found a staircase to the Ecumenical Temple.
  9457 | Temple   | Entered the Ecumenical Temple
  9715 | Temple   | Became a worshipper of Kikubaaqudgha
  9736 | Temple   | Learned a level 3 spell: Regeneration
  9805 | D:6      | Noticed Pikel
  9960 | D:6      | Killed Pikel
 10154 | D:6      | Got a steaming mace
 10263 | D:6      | HP: 1/61 [wight/+2 morningstar (8)]
 10263 | D:6      | Slain by a wight

Skill      XL: |  1  2  3  4  5  6  7  8  9 |
---------------+----------------------------+-----
Necromancy     | 5 6 8 9 |  9.5
Stealth        | 2 3 4 |  4.2
Spellcasting   | 3 4 5 6 7 |  7.0
Dodging        | 2 |  2.9
Maces & Flails | 2 3 |  3.4
Armour         | 2 |  2.8
Fighting       | 1 2 |  2.2
Unarmed Combat | |  0.3
Charms         | |  0.2
Evocations     | |  0.4

Action                   |  1- 3 |  4- 6 |  7- 9 || total
-------------------------+-------+-------+-------++-------
Melee: Unarmed           |    14 |       |       ||    14
       Whip              |    12 |    60 |   144 ||   216
       Kick              |     1 |       |       ||     1
       Dire flail        |       |       |    17 ||    17
       Punch             |       |       |     1 ||     1
Throw: Stone             |     5 |       |       ||     5
 Cast: Pain              |    56 |   201 |    72 ||   329
       Animate Dead      |       |    11 |    10 ||    21
       Animate Skeleton  |       |     6 |     9 ||    15
       Vampiric Draining |       |       |     9 ||     9
       Regeneration      |       |       |     6 ||     6
Evoke: Wand              |       |       |     6 ||     6
  Use: Scroll            |       |     8 |     1 ||     9
       Potion            |       |     7 |     5 ||    12
 Stab: Paralysed         |       |       |     9 ||     9
       Distracted        |       |       |     1 ||     1
  Eat: Chunk             |     1 |     9 |     1 ||    11
       Ration            |     1 |     2 |     4 ||     7
Armor: Robe              |     6 |    30 |       ||    36
       Leather armour    |       |     9 |    48 ||    57
       Skin              |       |       |    11 ||    11
Dodge: Dodged            |    27 |    91 |   158 ||   276
